 Dungeon Crawl Stone Soup version 0.27.1-2-g3b301248ec (webtiles) character file.

Game seed: 16831174291144892619

7 Jahmms the Grave Robber (level 1, 0/13 HPs)
             Began as a Demonspawn Necromancer on Oct 4, 2021.
             Slain by a kobold (2 damage)
             ... on level 1 of the Dungeon.
             The game lasted 00:04:25 (275 turns).

Jahmms the Grave Robber (Demonspawn Necromancer)     Turns: 275, Time: 00:04:26

Health: 0/13       AC:  2    Str:  8    XL:     1   Next: 91%
Magic:  1/3        EV: 12    Int: 16    God:
Gold:   6          SH:  0    Dex: 13    Spells: 3/4 levels left

rFire    + . .     SeeInvis .   b - +0 war axe
rCold    + . .     Faith    .   (no shield)
rNeg     . . .     Spirit   .   a - +0 robe
rPois    +         Reflect  .   (no helmet)
rElec    +         Harm     .   (no cloak)
rCorr    +         Rampage  .   (no gloves)
Will     .....                  (no boots)
Stlth    ++........             (no amulet)
HPRegen  0.04/turn              (no ring)
MPRegen  0.08/turn              (no ring)

@: resistant
A: no striking features
a: no special abilities


You were on level 1 of the Dungeon.
You visited 1 branch of the dungeon, and saw 1 of its levels.

You collected 6 gold pieces.

Inventory:

Hand Weapons
 b - a +0 war axe (weapon)
 d - a +0 short sword
Armour
 a - a +0 robe (worn)
Potions
 c - a potion of resistance


   Skills:
 + Level 0.3 Axes
 + Level 1.9 Dodging
 + Level 1.7 Stealth
 + Level 2.0 Spellcasting
 + Level 4.7 Necromancy


You had 3 spell levels left.
You knew the following spells:

 Your Spells              Type           Power      Damage    Failure   Level
a - Pain                  Necr           64%        1d7       3%          1

Your spell library contained the following spells:

 Spells                   Type           Power      Damage    Failure   Level
 Animate Skeleton         Necr           32%        N/A       3%          1
 Vampiric Draining        Necr           8%         2d7       9%          3
 Animate Dead             Necr           8%         N/A       30%         4
 Agony                    Necr           16%        N/A       63%         5


Dungeon Overview and Level Annotations

Branches:
Dungeon (1/15)

Altars:


Message History

Confirm with . or Enter, or press ? or * to list all spells.
Aiming: Pain (safe; 3% risk of failure)
Press: ? - help, Shift-Dir - straight line, f - rat
Aim: a rat (chance to affect: 87%)
The rat writhes in agony.
You kill the rat!
You see here a dart slug corpse.
Things that are here:
a +0 short sword; 5 stones; a kobold corpse
d - a +0 short sword A kobold comes into view.
It is wielding a +0 short sword.
The kobold shouts!
You enter the shallow water.
Moving in this stuff is going to be slow.
Found a scroll labelled NYIXOMOIBI.
Casting: Pain (safe; 3% risk of failure)
Confirm with . or Enter, or press ? or * to list all spells.
You don't have enough magic to cast this spell.
Unknown command.
Casting: Pain (safe; 3% risk of failure)
Confirm with . or Enter, or press ? or * to list all spells.
Aiming: Pain (safe; 3% risk of failure)
Press: ? - help, Shift-Dir - straight line, f - kobold
Aim: a kobold, wielding a +0 short sword (chance to affect: 87%)
The kobold writhes in agony.
You see here a rat corpse.
Found a ring mail and a scroll labelled XEUFYO TOT QON.
You closely miss the kobold.
The kobold is moderately wounded.
The kobold hits you with a +0 short sword.
* * * LOW HITPOINT WARNING * * *
You barely miss the kobold.
The kobold is moderately wounded.
The kobold hits you with a +0 short sword.
* * * LOW HITPOINT WARNING * * *
The kobold hits you but does no damage.
It was a potion of resistance.
You feel protected.
The kobold hits you with a +0 short sword.
You die...

#.... .#.# ..?[ .#.#
#...####...# #.......... #
##....#.#.. ##
...####.....#.#.# #.
?..P.....P..#.#.#.# ##.
..≈≈.≈≈.≈≈P..K@.#.# ##..
.♣≈≈≈≈≈≈≈≈≈.#.#.#.# ##..#
.P≈.≈≈≈≈P≈≈.#.###.## ##..##
♣≈.≈≈≈≈≈≈.≈.#.. ...# ##..##
....≈.≈≈≈≈P.####...# ##..##
.P≈≈≈≈≈≈..†.###....#####..#####
....P..P...(†......#...........
.#####..#######.##.#.#..###.#..
#.## #.##.#.##.#..###.


You could see a kobold.

Vanquished Creatures
  A dart slug (D:1)
  A ball python (D:1)
  An endoplasm (D:1)
  A kobold (D:1)
  A rat (D:1)
5 creatures vanquished.

Notes
Turn   | Place    | Note
-------+----------+-------------------------------------------
     0 | D:1      | Jahmms the Demonspawn Necromancer began the quest for the
                  | Orb.
     0 | D:1      | Reached XP level 1. HP: 13/13 MP: 3/3
   275 | D:1      | Slain by a kobold

Illustrated notes

Levels and vault maps discovered:
D:1:      dpeg_chamrin_arrival_tetris, layout_basic, serial_bayou_pond_b

Action                   || total
-------------------------++-------
Melee: War axe           ||     9
 Cast: Pain              ||     6
  Use: Potion            ||     1
Armor: Robe              ||     4
Dodge: Dodged            ||     2
